 Dungeon Crawl Stone Soup version 0.31.0 (webtiles) character file.

Game seed: 21942918982597409

214 Gogs the Cudgeller (level 5, -5/34 HPs)
             Began as a Gargoyle Berserker on Jan 19, 2024.
             Was a Believer of Trog.
             Killed from afar by an orc wizard (6 damage)
             ... with a puff of flame
             ... on level 4 of the Dungeon.
             The game lasted 00:14:20 (2682 turns).

Gogs the Cudgeller (Gargoyle Berserker)             Turns: 2682, Time: 00:14:21

Health: -5/34      AC: 15    Str: 23    XL:     5   Next: 91%
Magic:  14/14      EV:  6    Int:  7    God:    Trog [**....]
Gold:   183        SH:  8    Dex:  9    Spells: 4/4 levels left

rFire   . . .        c - +1 spear (heavy)
rCold   . . .        p - +0 buckler
rNeg    + . .        g - +0 plate armour
rPois   ∞            (helmet currently unavailable)
rElec   +            (cloak currently unavailable)
rCorr   .            (gloves currently unavailable)
SInv    .            (boots currently unavailable)
Will    .....        k - amulet of reflection Stlth
                     i - ring of magical power
HPRegen 0.25/turn    (no ring)
MPRegen 0.14/turn

%: reflection
@: beast-form
A: beast (slay +0), sickness immunity, AC +4, negative energy resistance 1,
electricity resistance, torment resistance 1, petrification resistance
a: Begin Untransformation, Renounce Religion, Berserk, Trog's Hand


You were on level 4 of the Dungeon.
You worshipped Trog.
Trog was pleased with you.
You were a hulking beast.
You visited 1 branch of the dungeon, and saw 4 of its levels.

You collected 183 gold pieces.

Inventory:

Hand Weapons
 a - a +0 mace
 c - a +1 heavy spear (weapon)
 e - a +2 dagger of venom
Missiles
 f - 26 stones (quivered)
Armour
 g - a +0 plate armour (worn)
 p - a +0 buckler (worn)
Jewellery
 i - a ring of magical power (left hand)
 k - an amulet of reflection (around neck)
Talismans
 l - a beast talisman (active)
 n - a serpent talisman
Scrolls
 j - a scroll of teleportation
Potions
 b - 4 potions of enlightenment {unknown}
 d - a potion of resistance {unknown}
 h - a potion of curing {unknown}
 m - a potion of degeneration {unknown}
 r - 3 potions of haste


   Skills:
 + Level 4.4 Fighting
 * Level 4.9 Maces & Flails
 + Level 3.6 Armour
 - Level 1.5 Dodging
 * Level 0.7 Shields


You had 4 spell levels left.
You didn't know any spells.
Your spell library was empty.

Dungeon Overview and Level Annotations

Branches:
Dungeon (4/15)
 Temple: D:4-7

Altars:

Shops:
D:3 :


Innate Abilities, Weirdness & Mutations

You are a hulking beast.
Your limbs bulge with bestial killing power. (Slay +0)
You are immune to sickness and miasma.
Your stone body is resilient. (AC +4)
You are immune to poison.
You resist negative energy. (rN+)
You are resistant to electric shocks. (rElec)
You are resistant to unholy torment.
You are immune to petrification.


Message History

You hit the iguana.
The iguana is moderately wounded.
The orc hits you but does no damage.
The iguana bites you but does no damage.
Something hits you but does no damage.
You closely miss something. You block something's attack.
The iguana bites you but does no damage.
You block the orc's attack.
You hear some strange, mumbled words.
A magic dart appears from out of thin air!
The magic dart hits you. The iguana bites you.
The orc hits you but does no damage.
You miss something.
The iguana bites you but does no damage.
Something hits you. The orc hits you but does no damage. The iguana bites you!
Something hits you but does no damage. You block the orc's attack.
You barely miss something.
A quokka comes into view.
The orc hits you but does no damage.
The iguana bites you but does no damage.
Something hits you.
You miss something.
The iguana bites you but does no damage.
Something hits you but does no damage. The orc hits you with a +0 falchion.
You hear some strange, mumbled words.
A magic dart appears from out of thin air!
The magic dart hits you.
* * * LOW HITPOINT WARNING * * *
The iguana bites you.
* * * LOW HITPOINT WARNING * * *
The orc hits you but does no damage.
You barely miss something. The orc hits you with a +0 falchion.
* * * LOW HITPOINT WARNING * * *
The iguana bites you but does no damage.
Something hits you but does no damage. The orc hits you but does no damage.
The iguana bites you but does no damage.
You hear some strange, mumbled words.
A puff of flame appears from out of thin air!
The puff of flame hits you.
You die...

,,,,,,,,,,* *****######.#.#<.#.#.
,,,,,,,,,,* ###.#.#....#.
,,,,,,,,,,* ###.#.#..#.#.
,,,,,,,,,,* ###.#.######.
,,,,,,,,,,#############.#........
,,,,,,,,,,+.........).......>####
,,,,,,,,,,######.################
##********* #.# #############
#..,,,,,*#######h### ############
#.#***,,,......o{l.# #.#
*,,,.......r..#
#.###*,,,.$........#*
....#**,*####.......# ...<# *,*
#.......# ....# *,* #:......#
..g$# *,* #.......# #g#g# *,*
*#.......#


You could see an iguana, an orc and a quokka.

Vanquished Creatures
  A bombardier beetle (D:3)
  2 orc priests
  Terence (D:2)
  3 adders
  A white imp (D:3)
  A ribbon worm (D:2)
  8 orcs
  6 ball pythons
  7 bats
  8 endoplasms
  2 giant cockroaches
  2 jackals (D:1)
  A quokka (D:1)
  3 frilled lizards (D:1)
  3 goblins
  2 kobolds (D:2)
  4 rats
55 creatures vanquished.

Notes
Turn   | Place    | Note
-------+----------+-------------------------------------------
     0 | D:1      | Gogs the Gargoyle Berserker began the quest for the Orb.
     0 | D:1      | Reached XP level 1. HP: 14/14 MP: 1/1
   105 | D:1      | Reached XP level 2. HP: 19/19 MP: 2/2
   306 | D:1      | Found a faded altar of an unknown god.
   317 | D:1      | You fall into a shaft and drop 1 floor!
   392 | D:2      | Reached XP level 3. HP: 23/23 MP: 3/3
   462 | D:2      | Noticed Terence
   478 | D:2      | Killed Terence
   479 | D:2      | Reached XP level 4. HP: 27/29 MP: 4/4
  1007 | D:2      | Reached ** piety under Trog
  1843 | D:3      | Reached XP level 5. HP: 31/33 MP: 5/5
  2462 | D:3      | Found Awnanuas's Book Boutique.
  2682 | D:4      | HP: 1/34 [orc/+0 falchion (4)]
  2682 | D:4      | Killed from afar by an orc wizard

Illustrated notes

Levels and vault maps discovered:
D:1:      nzn_arrival_crosshair, layout_basic,
          chequers_ecumenical_altar_simple_redux
D:2:      layout_loops_ring, serial_aquarium, aquarium_bridge_long_joined
          [aquarium_subvault_bridge, aquarium_subvault_bridge,
          aquarium_subvault_wall, aquarium_subvault_balcony,
          aquarium_subvault_window, aquarium_subvault_balcony],
          aquarium_window_2, aquarium_window_corner, aquarium_window_1,
          aquarium_window_1, aquarium_view_2d, aquarium_view_2b, uniq_terence
D:3:      layout_loops_ring, serial_shops, shop_statue
D:4:      layout_basic, overflow_temple_1_default, uniq_pikel

Skill      XL: |  1  2  3  4 |
---------------+-------------+-----
Maces & Flails | 4 |  4.9
Armour         | 3 |  3.6
Fighting       | 4 |  4.4
Dodging        | |  1.5
Shields        | |  0.7

Action                     |  1- 3 |  4- 6 || total
---------------------------+-------+-------++-------
  Melee: Spear             |    56 |   115 ||   171
         Mace              |     7 |       ||     7
  Throw: Stone             |     3 |       ||     3
 Invoke: Trog's Hand       |       |     1 ||     1
    Use: Scroll            |       |     7 ||     7
 Armour: Animal skin       |     9 |       ||     9
         Scale mail        |    26 |       ||    26
         Plate armour      |    18 |   140 ||   158
  Dodge: Dodged            |    36 |    40 ||    76
  Block: Other             |       |    19 ||    19
         Buckler           |       |     9 ||     9
   Form: Beast             |       |     1 ||     1
